 Dungeon Crawl Stone Soup version 0.26.1-11-gd32895ea62 (webtiles) character file.

Game seed: 4840282150004979314

972 Revion the Covered (level 7, 0/61 HPs)
             Began as a Minotaur Fighter on June 18, 2021.
             Slain by a bullfrog (1 damage)
             ... on level 5 of the Dungeon.
             The game lasted 00:27:51 (5760 turns).

Revion the Covered (Minotaur Fighter)               Turns: 5760, Time: 00:27:52

Health: 0/61       AC: 26    Str: 23    XL:     7   Next: 94%
Magic:  6/6        EV:  9    Int:  5    God:
Gold:   88         SH:  0    Dex:  9    Spells: 6/6 levels left

rFire    x . .     SeeInvis .   y - +3 great mace (protect)
rCold    + . .     Faith    .   (shield currently unavailable)
rNeg     . . .     Spirit   .   Z - +8 chain mail of Houtakh {+Blink rElec}
rPois    .         Reflect  .   (helmet restricted)
rElec    +         Harm     .   (no cloak)
rCorr    .         Rampage  .   (no gloves)
Will     .....                  k - +0 pair of boots
Stlth    ..........             (no amulet)
HPRegen  0.20/turn              v - ring of ice
MPRegen  0.10/turn              (no ring)

@: lethally poisoned (0 -> -17), protection aura
A: retaliatory headbutt, horns 2
a: Evoke Blink


You were on level 5 of the Dungeon.
You visited 1 branch of the dungeon, and saw 6 of its levels.

You collected 335 gold pieces.
You spent 247 gold pieces at shops.

Inventory:

Hand Weapons
 b - a +0 giant club
 p - a +0 quarterstaff
 y - a +3 great mace of protection (weapon)
 A - a +2 hunting sling of flaming
 W - a +2 dagger of electrocution
Armour
 a - a +0 scale mail
 c - a +0 kite shield
 g - a +0 ring mail
 j - a +0 leather armour
 k - a +0 pair of boots (worn)
 q - a +0 ring mail
 w - a +0 leather armour
 x - a +0 ring mail
 M - a +0 leather armour
 O - a +0 robe
 Z - the +8 chain mail of Houtakh (worn) {+Blink rElec}
   (You found it on level 4 of the Dungeon)

   It insulates you from electricity.
   It lets you blink.
Jewellery
 v - a ring of ice (left hand)
Wands
 i - a wand of polymorph (8) (quivered)
Scrolls
 e - a scroll of immolation {unknown}
 f - 10 scrolls of identify {unknown}
 h - 3 scrolls of noise {unknown}
 m - a scroll of enchant weapon {unknown}
 s - a scroll of amnesia {unknown}
 u - 4 scrolls of remove curse
 D - 2 scrolls of fog {unknown}
 F - a scroll of magic mapping {unknown}
 H - a scroll of enchant armour {unknown}
Potions
 d - 3 potions of might
 n - 3 potions of brilliance {unknown}
 o - a potion of degeneration {unknown}
 K - 2 potions of flight {unknown}
 R - a potion of heal wounds {unknown}
 S - a potion of cancellation {unknown}
 X - a potion of curing {unknown}
 Y - a potion of lignification {unknown}


   Skills:
 + Level 5.2 Fighting
 + Level 3.2 Short Blades
 + Level 5.4(5.8) Axes
 + Level 3.0(4.6) Maces & Flails
 + Level 5.9 Armour
 + Level 2.6 Dodging
 + Level 1.0 Stealth
 + Level 5.6 Shields


You had 6 spell levels left.
You didn't know any spells.
Your spell library contained the following spells:

 Spells                   Type           Power        Failure   Level
 Magic Dart               Conj           0%           98%         1
 Blink                    Tloc           N/A          99%         2
 Call Imp                 Summ           0%           99%         2
 Slow                     Hex            0%           99%         2
 Confusing Touch          Hex            0%           100%        3
 Conjure Flame            Conj/Fire      0%           100%        3
 Gell's Gravitas          Tloc           0%           100%        3
 Mephitic Cloud           Conj/Pois/Air  0%           100%        3
 Petrify                  Tmut/Erth      0%           100%        4
 Metabolic Englaciation   Hex/Ice        0%           100%        5
 Yara's Violent Unravell  Hex/Tmut       0%           100%        5


Dungeon Overview and Level Annotations

Branches:
Dungeon (6/15)             Temple (0/1) D:5

Altars:
Makhleb
Nemelex Xobeh
Vehumet
Xom

Shops:
D:5 (

Annotations:
D:4 exclusion: statue
D:6 Grinder


Innate Abilities, Weirdness & Mutations

You reflexively headbutt those who attack you in melee.
You have a pair of horns on your head.


Message History

The scorpion stings you but does no damage.
You climb upwards.
* * * LOW HITPOINT WARNING * * *
You feel very sick.
There is a stone staircase leading down here.
* * * LOW HITPOINT WARNING * * *
You feel sick.
The bullfrog hits you but does no damage.
The scorpion barely misses you.
You sock the scorpion!
Your weapon exudes an aura of protection.
You kill the scorpion!
* * * LOW HITPOINT WARNING * * *
You feel sick.
The bullfrog hits you but does no damage.
The bullfrog hits you.
* * * LOW HITPOINT WARNING * * *
The bullfrog hits you but does no damage.
The bullfrog hits you.
You die...

#.# ###################### #.#
.....................# #.#
.########.#...######.## #.# .#
#####.#...........## #.# .#
#.........######...# #.#
.####.#####...######...#####.#
.#....# #....F.............#
.#..#.# #....F@............#
.#..#.# #.....†........#...##
.#..#.#####........<..........##
.#..#........#.####....###...#.#
.#..####...#.#.####..### #.##.##
..#.............##...#####.##.###
##..####.........#..............#
#>.# #.........##....####....#.#
#..###..#.#.#.###..............#


You could see 2 bullfrogs.

Vanquished Creatures
  Menkaure (D:5)
  A phantom (D:6)
  2 ogres
  A centaur (D:6)
  2 scorpions
  A howler monkey (D:4)
  A bullfrog skeleton (D:4)
  A hound (D:5)
  An orc wizard (D:4)
  An iron imp (D:5)
  4 worker ants
  A howler monkey skeleton (D:4)
  2 worker ant zombies (D:5)
  9 adders
  A white imp (D:5)
  2 oozes
  A worm (D:2)
  2 dart slugs (D:3)
  2 leopard geckos (D:4)
  8 orcs
  8 bats
  4 giant cockroaches
  7 goblins
  10 hobgoblins
  2 jackals (D:2)
  A quokka (D:3)
  2 ball pythons
  4 frilled lizards
  10 kobolds
  A leopard gecko skeleton (D:4)
  4 rats
97 creatures vanquished.

Vanquished Creatures (others)
  26 fungi (D:1)
26 creatures vanquished.

Grand Total: 123 creatures vanquished

Notes
Turn   | Place    | Note
-------+----------+-------------------------------------------
     0 | D:1      | Revion the Minotaur Fighter began the quest for the Orb.
     0 | D:1      | Reached XP level 1. HP: 19/19 MP: 0/0
   263 | D:1      | Reached XP level 2. HP: 27/27 MP: 1/1
  1246 | D:2      | Reached XP level 3. HP: 33/33 MP: 2/2
  1400 | D:2      | Reached XP level 4. HP: 30/40 MP: 3/3
  1867 | D:3      | Reached skill level 1 in Dodging
  2694 | D:3      | Found a sparkling altar of Nemelex Xobeh.
  2733 | D:3      | Reached XP level 5. HP: 44/46 MP: 4/4
  3382 | D:4      | Got a pearl-encrusted chain mail
  3394 | D:4      | Noticed an ogre
  3406 | D:4      | Killed an ogre
  3407 | D:4      | Reached skill level 5 in Axes
  3407 | D:4      | Reached XP level 6. HP: 33/53 MP: 5/5
  3527 | D:4      | Found a shimmering altar of Xom.
  3528 | D:4      | Found a shimmering altar of Xom.
  3554 | D:4      | Found a radiant altar of Vehumet.
  3624 | D:4      | Reached skill level 5 in Armour
  3873 | D:4      | Reached skill level 1 in Short Blades
  4127 | D:4      | Identified the +8 chain mail of Houtakh {+Blink rElec} (You
                  | found it on level 4 of the Dungeon)
  4174 | D:4      | Reached skill level 5 in Shields
  4645 | D:5      | Entered Level 5 of the Dungeon
  4653 | D:5      | Reached XP level 7. HP: 60/60 MP: 6/6
  4949 | D:5      | Found a staircase to the Ecumenical Temple.
  4982 | D:5      | Found Cudyak's Antique Weapon Shop.
  4986 | D:5      | Bought a glowing great mace for 247 gold pieces
  5151 | D:5      | Found a burning altar of Makhleb.
  5360 | D:6      | Reached skill level 1 in Stealth
  5363 | D:6      | Reached skill level 1 in Maces & Flails
  5373 | D:6      | Reached skill level 5 in Fighting
  5412 | D:6      | Noticed Menkaure
  5593 | D:5      | Killed Menkaure
  5752 | D:6      | Noticed Grinder
  5760 | D:5      | HP: 3/61 [poisoned by a scorpion]
  5760 | D:5      | HP: 1/61 [bullfrog (2)]
  5760 | D:5      | Slain by a bullfrog

Illustrated notes

Levels and vault maps discovered:
D:1:      scummos_arrival_checkerplants, layout_basic
D:2:      layout_rooms
D:3:      layout_basic, nemelex_diamond_rough_becter
D:4:      layout_basic, vehumet_statue, xom_redecorated
D:5:      layout_loops_ring, makhleb_grotto_becter, temple_pool_b, serial_shops,
          nicolae_shop_crystal
D:6:      layout_rooms, uniq_menkaure, uniq_grinder

Skill      XL: |  1  2  3  4  5  6  7 |
---------------+----------------------+-----
Shields        | 4 5 |  5.6
Armour         | 4 5 |  5.9
Fighting       | 4 5 |  5.2
Axes           | 3 4 5 |  5.4
Dodging        | 1 2 |  2.6
Short Blades   | 1 3 |  3.2
Stealth        | 1 |  1.0
Maces & Flails | 3 |  3.0

Action                   |  1- 3 |  4- 6 |  7- 9 || total
-------------------------+-------+-------+-------++-------
Melee: War axe           |   111 |    50 |       ||   161
       Headbutt          |    21 |    12 |     9 ||    42
       Dagger            |       |    56 |    16 ||    72
       Great mace        |       |       |    39 ||    39
  Use: Scroll            |       |     1 |       ||     1
Armor: Scale mail        |    40 |    40 |       ||    80
       Chain mail        |       |     4 |    61 ||    65
Dodge: Dodged            |    23 |    25 |    28 ||    76
Block: Kite shield       |    35 |    57 |     4 ||    96
